 Dungeon Crawl Stone Soup version 0.17.0 (webtiles) character file.

72 Ultraviolent4 the Magician (level 4, -2/27 HPs)
             Began as a High Elf Earth Elementalist on Nov 19, 2015.
             Succumbed to a worker ant's poison
             ... on level 2 of the Dungeon.
             The game lasted 00:03:58 (1561 turns).

Ultraviolent4 the Magician (HEEE)                   Turns: 1561, Time: 00:03:59

Health: -2/27      AC:  2    Str:  7    XL:     4   Next: 7%
Magic:  0/10       EV: 14    Int: 24    God:
Gold:   71         SH:  0    Dex: 16    Spells: 2 memorised, 6 levels left

rFire  . . .     SeeInvis .     a - 51 stones
rCold  . . .     Clarity  .     m - +0 robe
rNeg   . . .     SustAt   .     (no shield)
rPois  .         Gourm    .     (no helmet)
rElec  .         Spirit   .     (no cloak)
rCorr  .         Warding  .     (no gloves)
rMut   .         Stasis   .     (no boots)
MR     .....                    (no amulet)
Stlth  ++........               (no ring)
                                (no ring)

@: brilliant, lethally poisoned (-2 -> -34), not resistant to hostile
enchantments, unstealthy
A: no striking features
a: no special abilities


You were on level 2 of the Dungeon.
You were hungry.

You visited 1 branch of the dungeon, and saw 2 of its levels.

You collected 71 gold pieces.

Inventory:

Hand Weapons
 b - a +0 dagger
Missiles
 a - 51 stones (in hand)
 e - 10 poisoned needles
Armour
 m - a +0 robe (worn)
Scrolls
 f - 2 scrolls of identify
 g - 2 scrolls of remove curse
 h - a scroll of amnesia
Books
 c - a book of Geomancy

   Spells                             Type                      Level
   a - Sandblast                      Earth                        1
   b - Stoneskin                      Transmutation/Earth          2
   c - Passwall                       Transmutation/Earth          3
   d - Stone Arrow                    Conjuration/Earth            3
   e - Petrify                        Transmutation/Earth          4
   f - Lee's Rapid Deconstruction     Earth                        5
Comestibles
 d - 3 bread rations
 n - 3 fruits
 p - 2 beef jerkies
 q - 3 meat rations


   Skills:
 + Level 3.4 Dodging
 - Level 2.1 Stealth
 + Level 3.6 Spellcasting
 * Level 1.5 Conjurations
   Level 1.1 Transmutations
 - Level 2.4 Earth Magic


You had 6 spell levels left.
You knew the following spells:

 Your Spells              Type           Power        Failure   Level  Hunger
a - Sandblast             Erth           ####..       1%          1    None
b - Stone Arrow           Conj/Erth      ####..       2%          3    ###....


Dungeon Overview and Level Annotations

Branches:
Dungeon (2/15)

Altars:
Makhleb


Message History

The worker ant poisons you!
Read which item? (? for menu, Esc to quit)
As you read the scroll labeled TYERREABOCS, it crumbles to dust.
It is a scroll of recharging.
You aren't carrying any rechargeable items.
* * * LOW HITPOINT WARNING * * *
You feel sick. The worker ant closely misses you.
a - 52 stones (in hand)
The worker ant bites you.
* * * LOW HITPOINT WARNING * * *
You are more poisoned.
The worker ant poisons you!
Casting: Sandblast
Confirm with . or Enter, or press ? or * to list all spells.
Aiming: Sandblast
Press: ? - help, Shift-Dir - straight line, f/p - worker ant
Aim: a worker ant (severely wounded)
The rocky blast hits the worker ant.
The worker ant is severely wounded.
You die...

......#.#.......#...†##..# #.###.
..##....#.....^.##...##### #.# #.
..######.......######...# #.###.
..## # #...##### ##..# #.##..
.#.#######.# #.#####.##..
...#2#_....#############.##..##..
.#########......#...........###..
.# # #.......................# .#
###.......@a......#........ .#
#.#.....>.................. .#
#)#................##...... .#
#.#................##...... .#
#.#..............).##...... .#
#..................##...... .#
#####.....#.....#####...... .#
############# #...... .# ##.....


You could see a worker ant.

Vanquished Creatures
  2 adders (D:2)
  2 oozes (D:1)
  5 bats
  4 giant cockroaches
  3 goblins
  5 hobgoblins
  4 kobolds
  A giant gecko (D:2)
  A giant newt (D:1)
  2 quokkas (D:2)
  22 rats
51 creatures vanquished.

Notes
Turn   | Place    | Note
--------------------------------------------------------------
     0 | D:1      | Ultraviolent4 the High Elf Earth Elementalist began the quest for the Orb.
     0 | D:1      | Reached XP level 1. HP: 11/11 MP: 4/4
   141 | D:1      | Reached XP level 2. HP: 17/17 MP: 2/6
   211 | D:1      | Reached skill level 3 in Spellcasting
   510 | D:1      | Reached XP level 3. HP: 21/21 MP: 5/8
   518 | D:1      | Learned a level 3 spell: Stone Arrow
   789 | D:2      | Found a faded altar to an unknown god.
   864 | D:2      | Found a burning altar of Makhleb.
   864 | D:2      | Noticed a cacodemon
   992 | D:2      | Reached skill level 1 in Conjurations
  1157 | D:2      | Reached XP level 4. HP: 12/27 MP: 8/10
  1560 | D:2      | HP: 1/27 [worker ant (3)]
  1561 | D:2      | Succumbed to a worker ant's poison

Action                   |  1- 3 |  4- 6 || total
-------------------------+-------+-------++-------
Melee: Dagger            |    46 |    31 ||    77
 Cast: Sandblast         |    47 |    13 ||    60
  Use: Scroll            |       |     4 ||     4
       Potion            |       |     4 ||     4
 Stab: Sleeping          |     2 |     3 ||     5
  Eat: Chunk             |       |     1 ||     1
